 Seeded DCSS version 0.29.1-13-g9f3cf754e1 (webtiles) character file.

Game seed: 8611483013522864996 (custom seed)

682 hbarley the Cleaver (level 7, -2/60 HPs)
             Began as a Hill Orc Fighter on Feb 3, 2023.
             Was an Elder of Uskayaw.
             Succumbed to Edmund's poison
             ... on level 5 of the Dungeon.
             The game lasted 00:10:18 (4124 turns).

hbarley the Cleaver (Hill Orc Fighter)              Turns: 4124, Time: 00:10:19

Health: -2/60      AC: 34    Str: 21    XL:     7   Next: 61%
Magic:  7/7        EV:  2    Int: 15    God:    Uskayaw [****..]
Gold:   218        SH:  5    Dex: 12    Spells: 6/6 levels left

rFire   . . .      SeeInvis .   a - +0 war axe
rCold   . . .      Faith    .   c - +0 buckler
rNeg    . . .      Spirit   .   D - +8 orange crystal plate armour {Archmagi, Int+3 Clar}
rPois   .          Reflect  .   F - +0 helmet
rElec   .          Harm     .   G - +2 cloak of the Wilderness {rCorr Str+2 Int+4}
rCorr   +          Rampage  .   n - +0 pair of gloves
Will    .....      Archmagi +   (no boots)
Stlth   .......... Clarity  +   (no amulet)
HPRegen 0.20/turn               p - +4 ring of protection
MPRegen 0.10/turn               l - +4 ring of slaying

@: lethally poisoned (-2 -> -39)
A: no striking features
a: Renounce Religion, Stomp, Line Pass


You were on level 5 of the Dungeon.
You worshipped Uskayaw.
Uskayaw was noncommittal.
You visited 1 branch of the dungeon, and saw 5 of its levels.
You also visited: Ossuary.

You collected 218 gold pieces.

Inventory:

Hand Weapons
 a - a +0 war axe (weapon)
Missiles
 u - 2 throwing nets (quivered)
Armour
 b - a +0 scale mail
 c - a +0 buckler (worn)
 j - a +0 cloak of preservation
 n - a +0 pair of gloves (worn)
 s - a +0 ring mail
 D - the +8 orange crystal plate armour (worn) {Archmagi, Int+3 Clar}
   (You acquired it in an ossuary)

   Int:       It affects your intelligence (+3).
   Clar:      It protects you against confusion.
 F - a +0 helmet (worn)
 G - the +2 cloak of the Wilderness (worn) {rCorr Str+2 Int+4}
   (You found it on level 4 of the Dungeon)

   Str:       It affects your strength (+2).
   Int:       It affects your intelligence (+4).
   rCorr:     It protects you from acid and corrosion.
Jewellery
 l - a +4 ring of slaying (right hand)
 p - a +4 ring of protection (left hand)
 w - a +4 ring of protection
 x - a ring of wizardry
Scrolls
 e - 2 scrolls of summoning
 f - 5 scrolls of identify
 h - a scroll of fear {unknown}
 i - 6 scrolls of teleportation
 m - a scroll of enchant armour {unknown}
 o - 3 scrolls of magic mapping
 q - a scroll of poison {unknown}
 y - 3 scrolls of enchant weapon
 C - a scroll of vulnerability {unknown}
 H - a scroll of blinking {unknown}
 I - a scroll of silence {unknown}
 J - a scroll of brand weapon {unknown}
Potions
 d - 3 potions of might
 g - 4 potions of degeneration
 k - 6 potions of heal wounds
 r - 2 potions of haste {unknown}
 t - a potion of brilliance {unknown}
 v - a potion of attraction {unknown}
 z - 2 potions of mutation
 A - 2 potions of cancellation {unknown}
 B - 3 potions of ambrosia {unknown}
 E - a potion of flight {unknown}


   Skills:
 + Level 4.9 Fighting
 + Level 8.8 Axes
 + Level 4.2 Armour
 + Level 0.3 Dodging
 + Level 1.2 Stealth
 + Level 4.1 Shields


You had 6 spell levels left.
You didn't know any spells.
Your spell library contained the following spells:

 Spells                   Type           Power      Damage    Failure   Level
 Fireball                 Conj/Fire      0%         3d3       100%        5
 Starburst                Conj/Fire      0%         6d3       100%        6
 Ignition                 Fire           0%         3d3       100%        8


Dungeon Overview and Level Annotations

Branches:
Dungeon (5/15)             Temple (0/1) D:4         Ossuary (visited)

Altars:
Nemelex Xobeh
Uskayaw
Xom
Yredelemnul
Zin
The Shining One

Annotations:
D:5 Edmund


Message History

You hit Edmund but do no damage.
Edmund is moderately wounded.
You feel very sick.
Edmund is no longer paralysed.
Edmund hits you but does no damage.
You are more poisoned.
You hit Edmund.
Edmund is heavily wounded.
You feel very sick. Edmund hits you but does no damage.
You hit Edmund but do no damage.
Edmund is heavily wounded.
You feel very sick. Edmund hits you but does no damage.
You are more poisoned.
You slash Edmund!
Edmund is severely wounded.
You feel very sick. Edmund hits you but does no damage.
You are more poisoned.
You closely miss Edmund.
Edmund is severely wounded.
You feel very sick. Edmund hits you but does no damage.
You are more poisoned.
You slash Edmund!
Edmund is almost dead.
You feel very sick.
Edmund hits you with a +2 flail of venom!
* * * LOW HITPOINT WARNING * * *
You are more poisoned.
Uskayaw will force your foes to share their pain.
You barely miss Edmund.
Edmund is almost dead.
* * * LOW HITPOINT WARNING * * *
You feel extremely sick. Edmund hits you but does no damage.
You are more poisoned.
You closely miss Edmund.
Edmund is almost dead.
You die...

...............
####....####
#######.##
.....##..#######
.....###.......#
.....# #####...#
.....# #...###
)....# #...')#
.....# #...#@#
.....#
#...#.@.....#
######
#...#.......#
#...#.......#
#####...#!###
#...#.# #...# .
#...# #


You could see Edmund.

Vanquished Creatures
  A black bear (D:5)
  An ice beast (D:5)
  An ogre (D:4)
  A scorpion (D:4)
  A necrophage (D:5)
  A hound (D:4)
  A human zombie (Ossuary)
  2 orc wizards
  A hound zombie (Ossuary)
  4 mummies (Ossuary)
  3 adders
  2 adder zombies (Ossuary)
  4 worms (D:2)
  3 dart slugs
  9 orcs
  4 bats
  2 endoplasms
  2 giant cockroaches (D:2)
  3 gnoll zombies (Ossuary)
  6 hobgoblins
  5 jackals
  5 kobolds
  6 quokkas
  4 ball pythons
  2 frilled lizards (D:1)
  7 goblins
  A hobgoblin zombie (Ossuary)
  A jackal zombie (Ossuary)
  A kobold zombie (Ossuary)
  An orc zombie (Ossuary)
  4 rats
  A rat zombie (Ossuary)
90 creatures vanquished.

Notes
Turn   | Place    | Note
-------+----------+-------------------------------------------
     0 | D:1      | hbarley the Hill Orc Fighter began the quest for the Orb.
     0 | D:1      | Reached XP level 1. HP: 19/19 MP: 1/1
   191 | D:1      | Reached XP level 2. HP: 27/27 MP: 2/2
   351 | D:1      | Reached skill level 3 in Axes
   557 | D:1      | Found a faded altar of an unknown god.
   755 | D:2      | Reached XP level 3. HP: 7/33 MP: 3/3
  1552 | D:2      | Reached skill level 4 in Axes
  1552 | D:2      | Reached XP level 4. HP: 38/40 MP: 4/4
  2011 | D:3      | Found a basalt altar of Yredelemnul.
  2412 | D:3      | Found a sparkling altar of Nemelex Xobeh.
  2412 | D:3      | Found a hide-covered altar of Uskayaw.
  2420 | D:3      | Found a faded altar of an unknown god.
  2423 | D:3      | Became a worshipper of Uskayaw the Reveller
  2427 | D:3      | Found a faded altar of an unknown god.
  2429 | D:3      | Found a shimmering altar of Xom.
  2597 | D:4      | Found a sand-covered staircase.
  2645 | Ossuary  | Entered an ossuary
  2650 | Ossuary  | Reached * piety under Uskayaw
  2652 | Ossuary  | Reached ** piety under Uskayaw
  2654 | Ossuary  | Reached XP level 5. HP: 42/47 MP: 5/5
  2654 | Ossuary  | Reached *** piety under Uskayaw
  2657 | Ossuary  | Reached **** piety under Uskayaw
  2666 | Ossuary  | Reached skill level 5 in Axes
  2822 | Ossuary  | Reached skill level 1 in Stealth
  2985 | Ossuary  | Identified 2 scrolls of acquirement
  2989 | Ossuary  | Acquired the +8 orange crystal plate armour {Archmagi,
                  | Int+3 Clar}
  2989 | Ossuary  | Found the +8 orange crystal plate armour {Archmagi, Int+3
                  | Clar}
  3001 | Ossuary  | Acquired a +4 ring of slaying
  3060 | D:4      | Reached skill level 6 in Axes
  3060 | D:4      | Reached XP level 6. HP: 53/53 MP: 6/6
  3099 | D:4      | Found a glowing silver altar of Zin.
  3124 | D:4      | Found a staircase to the Ecumenical Temple.
  3346 | D:4      | Found a glowing golden altar of the Shining One.
  3349 | D:4      | Identified the +2 cloak of the Wilderness {rCorr Str+2
                  | Int+4}
  3505 | D:4      | Reached skill level 7 in Axes
  4008 | D:5      | Entered Level 5 of the Dungeon
  4029 | D:5      | Noticed an ice beast
  4036 | D:5      | Killed an ice beast
  4037 | D:5      | Reached XP level 7. HP: 60/60 MP: 7/7
  4052 | D:5      | Reached skill level 8 in Axes
  4110 | D:5      | Noticed Edmund
  4124 | D:5      | Succumbed to Edmund's poison

Illustrated notes

Levels and vault maps discovered:
D:1:      dpeg_arrival_fog, layout_basic, chequers_ecumenical_altar_simple
D:2:      layout_loops_cross, grunt_decor_clamped, grunt_decor_junction,
          kennysheep_generic_room_13
D:3:      layout_loops_ring, mainiacjoe_overflow_paths,
          chequers_temple_overflow_minitemple
D:4:      layout_basic, lemuel_round_altar, lemuel_tele_altar,
          minmay_temple_entry_wispy, nicolae_ossuary_entry_ruins
D:5:      layout_basic, dk_vineyard_2, uniq_edmund

Skill      XL: |  1  2  3  4  5  6  7 |
---------------+----------------------+-----
Axes           | 3 4 6 7 8 |  8.8
Fighting       | 4 |  4.9
Stealth        | 1 |  1.2
Shields        | 4 |  4.1
Armour         | 4 |  4.2
Dodging        | |  0.3

Action                   |  1- 3 |  4- 6 |  7- 9 || total
-------------------------+-------+-------+-------++-------
Melee: War axe           |    92 |   134 |    24 ||   250
  Use: Scroll            |       |    10 |       ||    10
 Stab: Paralysed         |       |     4 |     2 ||     6
Armor: Scale mail        |    40 |       |       ||    40
       Ring mail         |     1 |    61 |       ||    62
       Crystal plate arm |       |    33 |    27 ||    60
Dodge: Dodged            |    45 |    51 |     2 ||    98
Block: Buckler           |    20 |    27 |     2 ||    49
